 Dungeon Crawl Stone Soup version 0.28-a0-704-g4d584c6bc1 (webtiles) character file.

Game seed: 3336993393373278512

2023 Gargoyl the Skirmisher (level 9, -5/74 HPs)
             Began as a Gnoll Abyssal Knight on Oct 24, 2021.
             Was a Believer of Lugonu.
             Slain by a troll (8 damage)
             ... on level 9 of the Dungeon.
             The game lasted 00:07:52 (7682 turns).

Gargoyl the Skirmisher (Gnoll Abyssal Knight)       Turns: 7682, Time: 00:07:53

Health: -5/74      AC: 17    Str: 15    XL:     9   Next: 23%
Magic:  15/15      EV: 10    Int: 10    God:    Lugonu [**....]
Gold:   186        SH:  9    Dex: 13    Spells: 16/16 levels left

rFire   . . .      SeeInvis .   b - +0 war axe (elec)
rCold   + . .      Faith    .   q - +0 kite shield
rNeg    + + .      Spirit   .   o - +1 ring mail {rN+}
rPois   .          Reflect  .   e - +0 helmet
rElec   .          Harm     .   c - +0 cloak
rCorr   .          Rampage  .   s - +0 pair of gloves
Will    .....                   (no boots)
Stlth   ++........              (no amulet)
HPRegen 0.22/turn               h - ring of positive energy
MPRegen 0.14/turn               p - +4 ring of protection

@: no status effects
A: fangs 1, strong nose, distributed training, iridescent scales 1, cold
resistance 1
a: Renounce Religion, Depart the Abyss, Bend Space


You were on level 9 of the Dungeon.
You worshipped Lugonu.
Lugonu was pleased with you.
You visited 1 branch of the dungeon, and saw 7 of its levels.
You visited the Abyss 1 time.

You collected 342 gold pieces.
You spent 156 gold pieces at shops.

Inventory:

Hand Weapons
 a - a +1 hand axe
 b - a +0 war axe of electrocution (weapon)
 t - a +2 falchion of holy wrath
Missiles
 n - 4 poisoned darts (quivered)
Armour
 c - a +0 cloak (worn)
 e - a +0 helmet (worn)
 o - a +1 ring mail of positive energy (worn)
 q - a +0 kite shield (worn)
 s - a +0 pair of gloves (worn)
Jewellery
 h - a ring of positive energy (left hand)
 p - a +4 ring of protection (right hand)
Wands
 f - a wand of flame (15)
Scrolls
 j - 2 scrolls of immolation
 l - 4 scrolls of identify
Potions
 d - 3 potions of cancellation
 g - a potion of haste
 i - a potion of invisibility
 k - 2 potions of curing
 m - a potion of might


   Skills:
 + Level 7.8 Fighting
 + Level 4.0 Short Blades
 + Level 4.0 Long Blades
 + Level 6.2 Axes
 + Level 4.0 Maces & Flails
 + Level 4.0 Polearms
 + Level 4.0 Staves
 + Level 4.0 Slings
 + Level 4.0 Bows
 + Level 4.0 Crossbows
 + Level 4.0 Throwing
 + Level 6.2 Armour
 + Level 4.8 Dodging
 + Level 4.0 Stealth
 + Level 4.0 Shields
 + Level 4.0 Unarmed Combat
 + Level 4.0 Spellcasting
 + Level 3.3 Conjurations
 + Level 3.3 Hexes
 + Level 3.3 Summonings
 + Level 3.3 Necromancy
 + Level 3.3 Translocations
 + Level 3.3 Transmutations
 + Level 3.3 Fire Magic
 + Level 3.3 Ice Magic
 + Level 3.3 Air Magic
 + Level 3.3 Earth Magic
 + Level 3.3 Poison Magic
 + Level 6.4 Invocations
 + Level 4.0 Evocations


You had 16 spell levels left.
You didn't know any spells.
Your spell library contained the following spells:

 Spells                   Type           Power      Damage    Failure   Level
 Foxfire                  Conj/Fire      32%        2x1d5     43%         1
 Slow                     Hex            8%         N/A       58%         2
 Confusing Touch          Hex            8%         N/A       82%         3
 Conjure Flame            Conj/Fire      8%         6-21      82%         3
 Inner Flame              Hex/Fire       8%         N/A       82%         3
 Ozocubu's Armour         Ice            8%         N/A       82%         3
 Flame Wave               Conj/Fire      8%         3d4       99%         4
 Yara's Violent Unravell  Hex/Tmut       4%         3d4       100%        5
 Ozocubu's Refrigeration  Ice            4%         4d5       100%        7


Dungeon Overview and Level Annotations

Branches:
Dungeon (9/15)
 Temple: D:4-7         Lair: D:8-11         Orc: D:9-12

Altars:
Cheibriados
Hepliaklqana
Kikubaaqudgha
Trog
Uskayaw

Shops:
D:2 (   D:9 (


Innate Abilities, Weirdness & Mutations

You have very sharp teeth.
Your uncanny sense of smell can sniff out nearby items.
Your experience applies equally to all skills.
You are partially covered in iridescent scales. (AC +2)
Your flesh is cold resistant. (rC+)


Message History

The troll bites you! The troll claws you but does no damage.
The troll barely misses you.
You slash the troll!
The troll is heavily wounded.
The troll bites you. The troll claws you but does no damage.
The troll closely misses you.
You slash the troll!
The troll is almost dead.
You block the troll's attack. The troll claws you but does no damage.
The troll claws you. The troll bites you. The troll claws you!
* * * LOW HITPOINT WARNING * * *
You block the troll's attack.
Unknown command.
You hit the troll but do no damage.
The troll is almost dead.
You block the troll's attack. The troll claws you but does no damage.
The troll claws you.
* * * LOW HITPOINT WARNING * * *
You hit the troll. Your bite misses the troll.
The troll is almost dead.
You block the troll's attack. The troll closely misses you.
You block the troll's attack.
You hit the troll.
The troll is almost dead.
The troll bites you.
* * * LOW HITPOINT WARNING * * *
The troll claws you but does no damage. The troll claws you.
* * * LOW HITPOINT WARNING * * *
The troll bites you!
* * * LOW HITPOINT WARNING * * *
You block the troll's attack. The troll claws you.
* * * LOW HITPOINT WARNING * * *
You hit the troll but do no damage. You bite the troll, but do no damage.
The troll is almost dead.
You block the troll's attack. The troll claws you but does no damage.
The troll misses you.
You barely miss the troll.
The troll is almost dead.
The troll bites you but does no damage. The troll claws you!
You die...

...............#............##...
......########.#.......T.##.##...
......# #.....#.##.####..#.##...
####### #.##..#.##)####.........
#.##..#.##)##.....###...
.......#.##.)...∩........
....##...#######..##..###
.......T######....##....#
.......)@................
...###..#####............ .##
##.# #..#......T.. ###
##.#......... #...........
##...####### #...# # .. ### #..


You could see a troll.

Vanquished Creatures
  A centaur warrior (D:9)
  2 ice beasts
  2 sky beasts (D:5)
  2 centaurs (D:9)
  A necrophage (D:4)
  A water moccasin zombie (D:5)
  A water moccasin skeleton (D:5)
  5 wights (D:9)
  A bullfrog zombie (D:6)
  A gnoll shaman (D:6)
  2 orc priests
  2 hounds (D:5)
  A jelly (D:5)
  2 orc wizards
  A hound skeleton (D:5)
  Robin (D:2)
  6 adders
  3 gnolls (D:6)
  2 white imps
  2 worms
  3 dart slugs
  15 orcs
  4 endoplasms
  2 giant cockroaches
  11 goblins
  11 hobgoblins
  4 kobolds
  3 quokkas
  9 ball pythons
  4 bats
  3 frilled lizards (D:2)
  3 rats
111 creatures vanquished.

Vanquished Creatures (others)
  An orc wizard (D:9)
  5 plants
6 creatures vanquished.

Grand Total: 117 creatures vanquished

Notes
Turn   | Place    | Note
-------+----------+-------------------------------------------
     0 | Abyss:1  | Gargoyl the Gnoll Abyssal Knight began the quest for the
                  | Orb.
     0 | Abyss:1  | Reached XP level 1. HP: 23/23 MP: 3/3
    30 | Abyss:2  | Found a corrupted altar of Lugonu.
    61 | Abyss:2  | Noticed an angel
    64 | Abyss:2  | Gained mutation: Your flesh is cold resistant. (rC+)
                  | [potion of mutation]
    64 | Abyss:2  | Gained mutation: You are partially covered in iridescent
                  | scales. (AC +2) [potion of mutation]
    65 | D:1      | Escaped the Abyss
   289 | D:1      | Found a faded altar of an unknown god.
   317 | D:1      | Reached XP level 2. HP: 29/29 MP: 5/5
   335 | D:1      | Reached * piety under Lugonu
  1094 | D:2      | Found Guthewan's Antique Weapon Shop.
  1141 | D:2      | Noticed Robin
  1152 | D:2      | Killed Robin
  1153 | D:2      | Reached XP level 3. HP: 14/35 MP: 6/6
  1298 | D:2      | Found a bloodstained altar of Trog.
  1610 | D:2      | Reached skill level 1 in Short Blades
  1610 | D:2      | Reached skill level 1 in Long Blades
  1610 | D:2      | Reached skill level 1 in Maces & Flails
  1610 | D:2      | Reached skill level 1 in Polearms
  1610 | D:2      | Reached skill level 1 in Staves
  1610 | D:2      | Reached skill level 1 in Slings
  1610 | D:2      | Reached skill level 1 in Bows
  1610 | D:2      | Reached skill level 1 in Crossbows
  1610 | D:2      | Reached skill level 1 in Throwing
  1610 | D:2      | Reached skill level 1 in Stealth
  1610 | D:2      | Reached skill level 1 in Shields
  1610 | D:2      | Reached skill level 1 in Unarmed Combat
  1610 | D:2      | Reached skill level 1 in Spellcasting
  1610 | D:2      | Reached skill level 1 in Evocations
  1610 | D:2      | Reached XP level 4. HP: 41/41 MP: 7/7
  2392 | D:3      | Found a snail-covered altar of Cheibriados.
  2392 | D:3      | Found a hazy altar of Hepliaklqana.
  2626 | D:3      | Reached skill level 1 in Conjurations
  2626 | D:3      | Reached skill level 1 in Hexes
  2626 | D:3      | Reached skill level 1 in Summonings
  2626 | D:3      | Reached skill level 1 in Necromancy
  2626 | D:3      | Reached skill level 1 in Translocations
  2626 | D:3      | Reached skill level 1 in Transmutations
  2626 | D:3      | Reached skill level 1 in Fire Magic
  2626 | D:3      | Reached skill level 1 in Ice Magic
  2626 | D:3      | Reached skill level 1 in Air Magic
  2626 | D:3      | Reached skill level 1 in Earth Magic
  2626 | D:3      | Reached skill level 1 in Poison Magic
  3108 | D:3      | Reached XP level 5. HP: 38/47 MP: 8/8
  3183 | D:4      | Reached ** piety under Lugonu
  3844 | D:4      | Found a hide-covered altar of Uskayaw.
  3907 | D:4      | Identified the +8 short sword of Kokhlycuo {freeze, rCorr}
  4023 | D:4      | Noticed a necrophage
  4037 | D:4      | Killed a necrophage
  4038 | D:4      | Reached skill level 5 in Invocations
  4038 | D:4      | Reached XP level 6. HP: 53/53 MP: 9/9
  4382 | D:5      | Entered Level 5 of the Dungeon
  4388 | D:5      | Noticed a sky beast
  4412 | D:5      | Killed a sky beast
  4413 | D:5      | Reached skill level 5 in Axes
  4413 | D:5      | Reached skill level 5 in Armour
  4669 | D:5      | Reached skill level 7 in Fighting
  4669 | D:5      | Reached XP level 7. HP: 60/60 MP: 10/10
  5226 | D:5      | Found a bloodstained altar of Trog.
  6255 | D:6      | Reached XP level 8. HP: 61/67 MP: 12/12
  6579 | D:6      | You fall into a shaft and drop 3 floors!
  6871 | D:9      | Found Aweqeg's Antique Weapon Shoppe.
  7127 | D:9      | Bought a runed war axe for 156 gold pieces
  7165 | D:9      | Noticed a centaur warrior
  7184 | D:9      | HP: 3/67 [centaur warrior (3)]
  7185 | D:9      | Killed a centaur warrior
  7186 | D:9      | Reached XP level 9. HP: 4/73 MP: 14/14
  7558 | D:9      | Found an ancient bone altar of Kikubaaqudgha.
  7597 | D:9      | Noticed a troll
  7680 | D:9      | HP: 3/74 [troll (1)]
  7682 | D:9      | Slain by a troll

Illustrated notes

Levels and vault maps discovered:
D:1:      co_arrival_square_in_a_square_in_a_square, layout_basic,
          chequers_ecumenical_altar_island
D:2:      minmay_skewed_foursquare, layout_basic, serial_shops, shop,
          basic_altar, serial_glass, glass_columns_b, glass_columns_a,
          kennysheep_pointless_box, minmay_pentomino_t2, uniq_robin
D:3:      layout_basic, gammafunk_temple_overflow_elements,
          minmay_shallow_snake_nest
D:4:      layout_basic, amcnicky_altar_gilded, serial_bayou,
          serial_bayou_shore_b, serial_bayou_pond_c, serial_bayou_shore_a,
          serial_bayou_pond_c
D:5:      layout_basic, mainiacjoe_overflow_boulevard, minmay_misc_feat_rows
D:6:      layout_layer_cave, serial_bayou_pond_d, minmay_misc_feat_x,
          corexii_shack
D:9:      layout_basic, marbit_many_paths, nicolae_kikubaaqudgha_miasma_corner,
          serial_shops, shop, hangedman_abyss_or_decor_stagger, uniq_maurice

Skill      XL: |  1  2  3  4  5  6  7  8  9 |
---------------+----------------------------+-----
Short Blades   | 1 2 3 4 |  4.0
Long Blades    | 1 2 3 4 |  4.0
Maces & Flails | 1 2 3 4 |  4.0
Polearms       | 1 2 3 4 |  4.0
Staves         | 1 2 3 4 |  4.0
Slings         | 1 2 3 4 |  4.0
Bows           | 1 2 3 4 |  4.0
Crossbows      | 1 2 3 4 |  4.0
Throwing       | 1 2 3 4 |  4.0
Stealth        | 1 2 3 4 |  4.0
Shields        | 1 2 3 4 |  4.0
Unarmed Combat | 1 2 3 4 |  4.0
Spellcasting   | 1 2 3 4 |  4.0
Evocations     | 1 2 3 4 |  4.0
Conjurations   | 1 2 3 |  3.3
Hexes          | 1 2 3 |  3.3
Summonings     | 1 2 3 |  3.3
Necromancy     | 1 2 3 |  3.3
Translocations | 1 2 3 |  3.3
Transmutations | 1 2 3 |  3.3
Fire Magic     | 1 2 3 |  3.3
Ice Magic      | 1 2 3 |  3.3
Air Magic      | 1 2 3 |  3.3
Earth Magic    | 1 2 3 |  3.3
Poison Magic   | 1 2 3 |  3.3
Dodging        | 3 4 |  4.8
Invocations    | 5 6 |  6.4
Axes           | 5 6 |  6.2
Armour         | 5 6 |  6.2
Fighting       | 7 |  7.8

Action                   |  1- 3 |  4- 6 |  7- 9 || total
-------------------------+-------+-------+-------++-------
Melee: Hand axe          |    74 |   208 |   252 ||   534
       Bite              |     5 |    21 |    35 ||    61
       Punch             |     1 |     2 |       ||     3
       War axe           |       |       |    37 ||    37
Throw: Dart              |       |       |     7 ||     7
Invok: Depart the Abyss  |     1 |       |       ||     1
Evoke: Wand              |       |       |     4 ||     4
  Use: Potion            |     2 |       |     3 ||     5
       Scroll            |     3 |     5 |     2 ||    10
 Stab: Sleeping          |     1 |     3 |       ||     4
Armor: Leather armour    |    32 |    43 |       ||    75
       Ring mail         |       |    74 |   207 ||   281
Dodge: Dodged            |    41 |   148 |   124 ||   313
Block: Kite shield       |       |    13 |   150 ||   163

Table legend: (Time is in decaauts)
 A = Elapsed time spent in this place.
 B = Non-inter-level travel time spent in this place.
 C = Inter-level travel time spent in this place.
 D = Time resting spent in this place.
 E = Time spent auto-exploring this place.
 F = Levels seen in this place.
 G = Mean time per level.
                   A        B        C        D        E       F      G
               +--------+--------+--------+--------+--------+-----+--------+
         Total |   7822 |   7756 |     66 |    758 |   5528 |   9 |  869.1 |
       Dungeon |   7757 |   7691 |     66 |    758 |   5479 |   7 | 1108.1 |
         Abyss |     64 |     64 |      0 |      0 |     49 |   2 |   32.0 |
               +--------+--------+--------+--------+--------+-----+--------+

Top non-repeatable levels by time:
     D:5: 1645 daAuts
     D:3: 1295 daAuts
     D:4: 1251 daAuts
     D:9: 1135 daAuts
     D:2: 1007 daAuts
     D:1: 810 daAuts
     D:6: 612 daAuts
 Abyss:2: 34 daAuts
 Abyss:1: 30 daAuts
